 Dungeon Crawl Stone Soup version 0.29.1-1-gd02db6906a (webtiles) character file.

Game seed: 9210676193216234247

29 Colgate the Chiller (level 3, 0/36 HPs)
             Began as a Barachi Ice Elementalist on Oct 11, 2022.
             Was a Believer of Lugonu.
             Succumbed to Crazy Yiuf's poison
             ... on level 2 of the Dungeon.
             The game lasted 00:04:54 (1375 turns).

Colgate the Chiller (Barachi Ice Elementalist)      Turns: 1375, Time: 00:04:54

Health: 0/36       AC: 21    Str:  9    XL:     3   Next: 16%
Magic:  2/6        EV:  2    Int: 17    God:    Lugonu [**....]
Gold:   66         SH:  0    Dex: 12    Spells: 2/6 levels left

rFire   . . .      SeeInvis .   a - +0 hand axe (elec)
rCold   . . .      Faith    .   (no shield)
rNeg    . . .      Spirit   .   (body armour currently unavailable)
rPois   +          Reflect  .   (helmet currently unavailable)
rElec   .          Harm     .   (cloak currently unavailable)
rCorr   .          Rampage  .   (gloves currently unavailable)
Will    .....      NoTele   +   (boots currently unavailable)
Stlth   ++........              k - amulet of magic regeneration
HPRegen 0.12/turn               (no ring)
MPRegen 0.50/turn               (no ring)

@: lethally poisoned (0 -> -16), tree-form, freezing walls, invisible
A: stationary, stasis, torment immunity, boosted hp, (amphibious), (slowness 1),
(strong legs 1), +LOS
a: Renounce Religion, Depart the Abyss, Bend Space


You were on level 2 of the Dungeon.
You worshipped Lugonu.
Lugonu was pleased with you.
You were a tree.
You visited 1 branch of the dungeon, and saw 2 of its levels.

You collected 66 gold pieces.

Inventory:

Hand Weapons
 a - a +0 hand axe of electrocution (weapon)
Missiles
 d - 3 poisoned darts
Armour
 e - a +0 robe (melded)
Magical Staves
 h - a staff of earth
Jewellery
 k - an amulet of magic regeneration (around neck)
Wands
 l - a wand of polymorph (8)
Scrolls
 f - a scroll of vulnerability {unknown}
 j - a scroll of teleportation {unknown}
Potions
 b - a potion of magic
 g - a potion of heal wounds {unknown}
 i - a potion of invisibility


   Skills:
 - Level 2.1 Dodging
 - Level 1.7 Stealth
 - Level 2.1 Spellcasting
 + Level 6.0 Ice Magic


You had 2 spell levels left.
You knew the following spells:

 Your Spells              Type           Power      Damage    Failure   Level
a - Freeze                Ice            88%        1d10      1%          1
b - Frozen Ramparts       Ice            44%        1d7       4%          3

Your spell library contained the following spells:

 Spells                   Type           Power      Damage    Failure   Level
 Ozocubu's Armour         Ice            22%        N/A       4%          3
 Hailstorm                Conj/Ice       12%        3d5       47%         4


Dungeon Overview and Level Annotations

Branches:
Dungeon (2/15)

Altars:
Lugonu

Annotations:
D:2 Crazy Yiuf


Innate Abilities, Weirdness & Mutations

You are a tree.
Your roots penetrate the ground, keeping you stationary.
You cannot be teleported.
You are immune to unholy pain and torment.
Your maximum health is greatly increased.
Your equipment is partially melded.
((You are amphibious.))
((You cover ground slowly.))
((You can hop short distances.))
You have an extended range of vision and can be seen from far away.


Message History

No target in view!
The frozen ramparts melt away as you move.
Found a stone staircase leading down.
No target in view!
l - a wand of polymorph (8) No target in view!
Found a whip.
You now have 66 gold pieces (gained 2).
No target in view!
i - 2 sapphire potions (gained 1)
You see here a +0 whip.
Found a hammer.
Found a runed translucent door.
Crazy Yiuf yells, "Proton!
Mama leg return to song."
Casting: Frozen Ramparts (quite dangerous; 4% risk of failure)
Casting: Frozen Ramparts (quite dangerous; 4% risk of failure)
The walls around you are covered in ice.
You open the door.
The wall freezes Crazy Yiuf!
Casting: Frozen Ramparts (quite dangerous; 4% risk of failure)
Aiming: Freeze (safe; 1% risk of failure)
Aim: Crazy Yiuf, wielding a +2 quarterstaff of chaos and wearing a +0 cloak (moderately wounded)
You freeze Crazy Yiuf.
The wall freezes Crazy Yiuf but does no damage.
Crazy Yiuf hits you with a +2 quarterstaff of chaos!
You feel your power leaking away.
Casting: Freeze (safe; 1% risk of failure)
You don't have enough magic to cast this spell.
Okay, then.
You closely miss Crazy Yiuf.
The wall freezes Crazy Yiuf but does no damage.
Crazy Yiuf hits you with a +2 quarterstaff of chaos!
* * * LOW HITPOINT WARNING * * *
You are lethally poisoned!
It was a potion of invisibility.
You fade into invisibility!
* * * LOW HITPOINT WARNING * * *
You feel very sick.
The wall freezes Crazy Yiuf.
Crazy Yiuf barely misses you.
It was a potion of lignification.
You turn into a tree.
Your +0 robe melds into your body.
Your roots penetrate the ground.
You die...

#####
#..)#
#...#
... #g#
♣♣♣♣
♣.♣♣
♣♣.♣
♣.♣♣
♣♣.♣♣
###
♣...♣♣
#.#
♣P..P♣
#.#
#....#
#.#
#....##
#.#


You could see Crazy Yiuf (unable to see you).

Vanquished Creatures
  2 dart slugs (D:1)
  2 ball pythons (D:1)
  2 bats
  2 endoplasms (D:1)
  A giant cockroach (D:1)
  4 hobgoblins
  2 jackals (D:1)
  A goblin (D:2)
  3 kobolds
  4 rats (D:1)
23 creatures vanquished.

Notes
Turn   | Place    | Note
-------+----------+-------------------------------------------
     0 | D:1      | Colgate the Barachi Ice Elementalist began the quest for
                  | the Orb.
     0 | D:1      | Reached XP level 1. HP: 13/13 MP: 3/3
    93 | D:1      | Reached skill level 5 in Ice Magic
   174 | D:1      | Reached XP level 2. HP: 17/19 MP: 1/5
   790 | D:1      | Reached XP level 3. HP: 24/24 MP: 4/6
   794 | D:1      | Learned a level 3 spell: Frozen Ramparts
  1079 | D:1      | Reached skill level 6 in Ice Magic
  1162 | D:1      | Found a faded altar of an unknown god.
  1164 | D:1      | Prayed at the altar of an unknown god.
  1164 | D:1      | Became a worshipper of Lugonu the Unformed
  1164 | D:1      | Reached * piety under Lugonu
  1164 | D:1      | Reached ** piety under Lugonu
  1366 | D:2      | Found a runed translucent door.
  1367 | D:2      | Noticed Crazy Yiuf
  1375 | D:2      | Succumbed to Crazy Yiuf's poison

Illustrated notes

Levels and vault maps discovered:
D:1:      zelgadis_glass_arrival_small, layout_basic,
          chequers_ecumenical_altar_twisty, hangedman_feature_mirror
D:2:      layout_loops_ring, uniq_crazy_yiuf_cottage, uniq_robin

Skill      XL: |  1  2  3 |
---------------+----------+-----
Ice Magic      | 5 6 |  6.0
Dodging        | |  2.1
Stealth        | |  1.7
Spellcasting   | |  2.1

Action                   || total
-------------------------++-------
Melee: Mace              ||    10
       Hand axe          ||     2
 Cast: Freeze            ||    27
       Frozen Ramparts   ||     2
 Abil: Hop               ||     1
  Use: Potion            ||     2
 Stab: Sleeping          ||     1
Armor: Robe              ||     2
Dodge: Dodged            ||    17
